 Dungeon Crawl Stone Soup version 0.32-a0-43-g058985b245 (webtiles) character file.

Game seed: 17346807874454072037

59 pokeman the Magician (level 3, 0/20 HPs)
             Began as a Deep Elf Hedge Wizard on Feb 4, 2024.
             Slain by a quokka (4 damage)
             ... on level 2 of the Dungeon.
             The game lasted 00:02:36 (1934 turns).

pokeman the Magician (Deep Elf Hedge Wizard)        Turns: 1934, Time: 00:02:37

Health: 0/20       AC:  2    Str:  7    XL:     3   Next: 78%
Magic:  1/11       EV: 12    Int: 20    God:
Gold:   107        SH:  0    Dex: 14    Spells: 4/12 levels left

rFire   . . .        a - +0 dagger
rCold   . . .        (no shield)
rNeg    . . .        b - +0 robe
rPois   .            c - +0 hat
rElec   .            (no cloak)
rCorr   .            (no gloves)
SInv    .            (no boots)
Will    .....        (no amulet)
Stlth   ++           (no ring)
HPRegen 0.23/turn    (no ring)
MPRegen 0.12/turn

%: no passive effects
@: very slightly contaminated
A: no striking features
a: no special abilities


You were on level 2 of the Dungeon.
You visited 1 branch of the dungeon, and saw 2 of its levels.

You collected 107 gold pieces.

Inventory:

Hand Weapons
 a - a +0 dagger (weapon)
Armour
 b - a +0 robe (worn)
 c - a +0 hat (worn)
Scrolls
 g - 3 scrolls of identify {unknown}
 i - a scroll of enchant armour {unknown}
Potions
 d - a potion of magic
 e - 2 potions of lignification {unknown}
 f - 3 potions of invisibility {unknown}
 h - a potion of brilliance {unknown}
 j - a potion of curing {unknown}


   Skills:
 - Level 1.0 Fighting
 - Level 1.0 Armour
 + Level 2.5 Dodging
 + Level 2.5 Stealth
 * Level 5.4 Spellcasting
 + Level 2.0 Conjurations
 - Level 1.1 Summonings
 - Level 1.1 Translocations


You had 4 spell levels left.
You knew the following spells:

 Your Spells              Type           Power      Damage    Failure   Level
a - Magic Dart            Conj           52%        1d5       4%          1
b - Mephitic Cloud        Conj/Alch/Air  8%         N/A       26%         3
c - Call Imp              Summ           18%        N/A       11%         2
d - Blink                 Tloc           18%        N/A       11%         2

Your spell library contained the following spells:

 Spells                   Type           Power      Damage    Failure   Level
 Slow                     Hex            20%        N/A       11%         1
 Cigotuvi's Dreadful Rot  Necr/Alch/Air  10%        N/A       17%         2
 Ensorcelled Hibernation  Hex/Ice        10%        N/A       17%         2
 Call Canine Familiar     Summ           9%         N/A       22%         3
 Fugue of the Fallen      Necr           5%         N/A       32%         3
 Sigil of Binding         Hex            5%         N/A       32%         3
 Dimensional Bullseye     Hex/Tloc       3%         N/A       65%         4
 Anguish                  Hex/Necr       2%         N/A       73%         4


Dungeon Overview and Level Annotations

Branches:
Dungeon (2/15)

Altars:

Shops:
D:1 :


Message History

You kill the gnoll!
A ball python comes into view.
Your Conjurations skill increases to level 2!
Unknown command.
Casting: Mephitic Cloud (extremely dangerous; 26% risk of failure)
Confirm with . or Enter, or press ? or * to list all spells.
Aiming: Magic Dart (safe; 4% risk of failure)
Press: ? - help, Shift-Dir - straight line, f - quokka
Aim: a quokka (100% to hit)
You miscast Magic Dart.
You are very lightly contaminated with residual magic.
Nothing appears to happen.
The ball python hisses angrily.
Casting: Magic Dart (safe; 4% risk of failure)
Confirm with . or Enter, or press ? or * to list all spells.
Aiming: Magic Dart (safe; 4% risk of failure)
Press: ? - help, Shift-Dir - straight line, f/p - quokka
Aim: a quokka (100% to hit)
The magic dart hits the quokka.
The quokka is heavily wounded.
The quokka bites you.
* * * LOW HITPOINT WARNING * * *
Casting: Magic Dart (safe; 4% risk of failure)
Confirm with . or Enter, or press ? or * to list all spells.
Aiming: Magic Dart (safe; 4% risk of failure)
Press: ? - help, Shift-Dir - straight line, f/p - quokka
Aim: a quokka (heavily wounded, 100% to hit)
The magic dart hits the quokka.
The quokka is severely wounded.
The quokka misses you.
Unknown command.
Casting: Magic Dart (safe; 4% risk of failure)
Confirm with . or Enter, or press ? or * to list all spells.
Aiming: Magic Dart (safe; 4% risk of failure)
Press: ? - help, Shift-Dir - straight line, f/p - quokka
Aim: a quokka (severely wounded, 100% to hit)
The magic dart hits the quokka but does no damage.
The quokka is severely wounded.
The quokka bites you.
You die...

#.#.#.#.#.#....#
.#.#.#.#.#.#...#
.#.#.#.#.#.#..#
.#.#.#...#
#.#.#....# ######
.#.#....S# #.....
.#....#h# #.....
#....##r# #.....
#h...# #@# #...(.
...g# #.......#
#..... .g..
+.......# #.....
r.#
#.......######.....
..
#..................
###.###......<..###
.# #.........# .#
###########


You could see a quokka, a jackal and a ball python.

Vanquished Creatures
  4 gnolls (D:2)
  A dart slug (D:2)
  A ribbon worm (D:2)
  A bat (D:2)
  A giant cockroach (D:1)
  A goblin (D:1)
  3 hobgoblins
  A jackal (D:2)
  2 kobolds (D:2)
  A quokka (D:1)
  A ball python (D:1)
  A frilled lizard (D:1)
18 creatures vanquished.

Notes
Turn   | Place    | Note
-------+----------+-------------------------------------------
     0 | D:1      | pokeman the Deep Elf Hedge Wizard began the quest for the
                  | Orb.
     0 | D:1      | Reached XP level 1. HP: 10/10 MP: 7/7
   342 | D:1      | Found Fifuymiu's Vocational Training.
   745 | D:1      | Reached XP level 2. HP: 15/15 MP: 3/9
  1519 | D:2      | Reached skill level 5 in Spellcasting
  1532 | D:2      | Reached XP level 3. HP: 20/20 MP: 1/11
  1542 | D:1      | Learned a level 3 spell: Mephitic Cloud
  1545 | D:1      | Learned a level 2 spell: Call Imp
  1548 | D:1      | Learned a level 2 spell: Blink
  1909 | D:2      | Reached skill level 1 in Fighting
  1909 | D:2      | Reached skill level 1 in Armour
  1934 | D:2      | Slain by a quokka

Illustrated notes

Levels and vault maps discovered:
D:1:      lordsloth_arrival_two_stooges, layout_basic, nicolae_shop_vocational
D:2:      layout_basic, nicolae_the_louvre

Skill      XL: |  1  2  3 |
---------------+----------+-----
Spellcasting   | 5 |  5.4
Fighting       | 1 |  1.0
Armour         | 1 |  1.0
Conjurations   | 2 |  2.0
Dodging        | |  2.5
Stealth        | |  2.5
Summonings     | |  1.1
Translocations | |  1.1

Action                     || total
---------------------------++-------
  Melee: Dagger            ||    28
   Cast: Magic Dart        ||    60
         Mephitic Cloud    ||     5
   Stab: Confused          ||     3
 Armour: Robe              ||    14
  Dodge: Dodged            ||    19

Table legend: (Time is in decaauts)
 A = Elapsed time spent in this place.
 B = Non-inter-level travel time spent in this place.
 C = Inter-level travel time spent in this place.
 D = Time resting spent in this place.
 E = Time spent auto-exploring this place.
 F = Levels seen in this place.
 G = Mean time per level.
                   A        B        C        D        E       F      G
               +--------+--------+--------+--------+--------+-----+--------+
         Total |   1938 |   1752 |    186 |    305 |   1196 |   2 |  969.0 |
       Dungeon |   1938 |   1752 |    186 |    305 |   1196 |   2 |  969.0 |
               +--------+--------+--------+--------+--------+-----+--------+

Top non-repeatable levels by time:
     D:1: 1512 daAuts
     D:2: 425 daAuts
